 Dungeon Crawl Stone Soup version 0.29-a0-620-g13ace881f2 (webtiles) character file.

Game seed: 15520174182759318276

5352 CrazyBamboolord the Slicer (level 10, -1/63 HPs)
             Began as a Kobold Fighter on June 18, 2022.
             Was a Follower of Uskayaw.
             Slain by a red ugly thing (19 damage)
             ... on level 8 of the Dungeon.
             The game lasted 00:17:29 (11409 turns).

CrazyBamboolord the Slicer (Kobold Fighter)        Turns: 11409, Time: 00:17:30

Health: -1/63      AC: 19    Str: 14    XL:     10   Next: 97%
Magic:  14/14      EV: 14    Int: 10    God:    Uskayaw [*.....]
Gold:   287        SH:  9    Dex: 18    Spells: 9/9 levels left

rFire   . . .      SeeInvis .   a - +2 rapier
rCold   + . .      Faith    .   c - +3 buckler
rNeg    + . .      Spirit   .   B - +2 scale mail "Ijoonk" {rC+}
rPois   .          Reflect  .   o - +2 helmet
rElec   .          Harm     .   k - +2 cloak
rCorr   .          Rampage  .   (no gloves)
Will    +....                   t - +2 pair of boots
Stlth   ++........              (no amulet)
HPRegen 0.20/turn               r - ring of willpower
MPRegen 0.14/turn               i - ring of positive energy

@: no status effects
A: small, no large weapons, nightstalker 3, shaggy fur 1
a: Renounce Religion, Stomp


You were on level 8 of the Dungeon.
You worshipped Uskayaw.
Uskayaw was noncommittal.
You visited 2 branches of the dungeon, and saw 9 of its levels.

You collected 551 gold pieces.
You spent 264 gold pieces at shops.

Inventory:

Hand Weapons
 a - a +2 rapier (weapon)
Armour
 c - a +3 buckler (worn)
 k - a +2 cloak (worn)
 o - a +2 helmet (worn)
 t - a +2 pair of boots (worn)
 B - the +2 scale mail "Ijoonk" (worn) {rC+}
   (You found it on level 7 of the Dungeon)

   rC:        It protects you from cold.
Jewellery
 i - a ring of positive energy (right hand)
 p - a ring of magical power
 r - a ring of willpower (left hand)
Wands
 u - a wand of polymorph (4)
 v - a wand of flame (1)
Scrolls
 e - 2 scrolls of magic mapping
 l - 2 scrolls of noise
 s - a scroll of poison {unknown}
 y - a scroll of torment {unknown}
Potions
 b - a potion of brilliance
 d - a potion of might
 f - a potion of mutation
 g - a potion of lignification
 h - a potion of magic {unknown}
 j - a potion of berserk rage
 q - 2 potions of ambrosia
 w - a potion of cancellation {unknown}
 z - a potion of resistance


   Skills:
 * Level 7.2 Fighting
 * Level 13.4 Short Blades
 + Level 4.7 Armour
 * Level 6.1 Dodging
 - Level 4.0 Stealth
 + Level 3.6 Shields
 * Level 5.9 Invocations


You had 9 spell levels left.
You didn't know any spells.
Your spell library was empty.

Dungeon Overview and Level Annotations

Branches:
Dungeon (8/15)             Temple (1/1) D:4
   Lair: D:8-11

Altars:
Cheibriados
Elyvilon
Fedhas
Kikubaaqudgha
Qazlal
Ru
Uskayaw
Vehumet
Wu Jian
Xom
Yredelemnul
The Shining One

Shops:
D:1 (   D:2 [:(:

Annotations:
D:4 3 runed translucent doors, astraldaughter's ghost, amateur TeCj; ouz's ghost, novice FoGl


Innate Abilities, Weirdness & Mutations

You are small and have problems with some larger weapons.
You are completely attuned to the shadows.
You are covered in fur. (AC +1)


Message History

The red ugly thing attacks as you move away!
You block the red ugly thing's attack.
The red ugly thing attacks as you move away!
You block the red ugly thing's attack.
Hit: a) +2 rapier
Press: ? - help, Dir - move target, f - red ugly thing
Aim: a red ugly thing (about 27% to evade your +2 rapier)
Okay, then.
The red ugly thing attacks as you move away!
The red ugly thing completely misses you.
The red ugly thing engulfs you but does no damage.
You see here a +0 dagger.
The red ugly thing attacks as you move away!
You block the red ugly thing's attack.
The red ugly thing attacks as you move away!
The red ugly thing engulfs you but does no damage.
Aiming: Polymorph
Press: ? - help, Shift-Dir - straight line, f - red ugly thing, p - two-headed ogre
Aim: a red ugly thing (will change colour)
Okay, then.
Unknown command.
The red ugly thing attacks as you move away!
The red ugly thing misses you.
The red ugly thing engulfs you but does no damage.
The red ugly thing attacks as you move away!
You block the red ugly thing's attack.
The red ugly thing attacks as you move away!
The red ugly thing barely misses you.
The red ugly thing attacks as you move away!
The red ugly thing closely misses you.
The red ugly thing attacks as you move away!
The red ugly thing engulfs you but does no damage.
The red ugly thing engulfs you but does no damage.
The red ugly thing attacks as you move away!
The red ugly thing engulfs you but does no damage.
The red ugly thing attacks as you move away!
The red ugly thing engulfs you.
* * * LOW HITPOINT WARNING * * *
You are engulfed in flames!!
You die...

#.#.........#
#...#################
##...#######....[....#
#.###.......(..#####.#
##.#.#######.#.## #.#
####.(..#####....## #.#
#.............#.#.###.#
#.#####.####..#.##.##.#
#.# #.# #.#@......#.#
#.# #.# ##.u#.##..#.#
#.# #.# ##.#.#.....#
#.# #.# #O........##
###.# #.# #.#.))..)..#
#...#
#.#####..........#
#)###
#....####........# #.#
#....# #...)...## #.#
##...# ##.....##


You could see a red ugly thing and a two-headed ogre.

Vanquished Creatures
  Joseph (D:8)
  Grinder (D:5)
  10 humans (D:7)
  6 yaks (D:7)
  A steam dragon (D:8)
  A water moccasin (D:7)
  2 ice beasts
  2 orc warriors
  A sky beast (D:7)
  2 black bears
  A kobold brigand (D:8)
  2 bullfrogs
  A necrophage (D:5)
  7 scorpions
  3 wights (D:7)
  A jelly (D:6)
  3 orc priests
  Crazy Yiuf (D:2)
  5 hounds
  Jessica (D:2)
  A gnoll shaman (D:6)
  Terence (D:2)
  5 iguanas
  9 orc wizards
  5 gnolls (D:6)
  7 adders
  A shadow imp (D:7)
  A white imp (D:6)
  A worm (D:3)
  4 dart slugs
  25 orcs
  4 bats
  4 endoplasms
  5 giant cockroaches
  6 goblins
  4 hobgoblins
  7 jackals
  2 quokkas
  16 ball pythons
  4 frilled lizards
  11 kobolds
  6 rats
  A butterfly (D:4)
182 creatures vanquished.

Vanquished Creatures (others)
  An orc wizard (D:5)
  A quokka (D:8)
  5 fungi (D:2)
  17 withered plants
24 creatures vanquished.

Grand Total: 206 creatures vanquished

Notes
Turn   | Place    | Note
-------+----------+-------------------------------------------
     0 | D:1      | CrazyBamboolord the Kobold Fighter began the quest for the
                  | Orb.
     0 | D:1      | Reached XP level 1. HP: 14/14 MP: 1/1
   106 | D:1      | Reached XP level 2. HP: 11/19 MP: 2/2
   239 | D:1      | Found Zassewk's Weapon Shop.
   348 | D:1      | Reached skill level 3 in Short Blades
   599 | D:1      | Reached XP level 3. HP: 7/23 MP: 3/3
   853 | D:1      | Found a faded altar of an unknown god.
   873 | D:1      | Reached skill level 1 in Dodging
  1241 | D:2      | Found Fiemnila's Book Emporium.
  1275 | D:2      | Found Luebiebb's Weapon Boutique.
  1277 | D:2      | Noticed Terence
  1530 | D:2      | Found Pesec's Book Boutique.
  1551 | D:2      | Reached XP level 4. HP: 16/29 MP: 4/4
  1780 | D:2      | Killed Terence
  1781 | D:2      | Reached skill level 4 in Short Blades
  1988 | D:2      | Noticed Jessica
  1995 | D:2      | Killed Jessica
  1996 | D:2      | Reached skill level 5 in Short Blades
  1996 | D:2      | Reached XP level 5. HP: 25/33 MP: 5/5
  2212 | D:2      | Found an ornate altar of the Wu Jian Council.
  2349 | D:2      | You fall into a shaft and drop 2 floors!
  2413 | D:4      | Found a staircase to the Ecumenical Temple.
  2439 | Temple   | Entered the Ecumenical Temple
  2460 | Temple   | Became a worshipper of Uskayaw the Reveller
  2641 | D:4      | Reached * piety under Uskayaw
  2669 | D:4      | Reached ** piety under Uskayaw
  2810 | D:4      | Found a runed translucent gate.
  2810 | D:4      | Found a runed translucent gate.
  2811 | D:4      | Found a runed translucent gate.
  2884 | D:4      | Noticed ouz's ghost (novice FoGl)
  2884 | D:4      | Noticed astraldaughter's ghost (amateur TeCj)
  3853 | D:3      | Found a blossoming altar of Fedhas.
  3886 | D:3      | Reached skill level 1 in Stealth
  4264 | D:3      | Reached XP level 6. HP: 37/38 MP: 6/6
  4277 | D:3      | Reached skill level 6 in Short Blades
  4947 | D:2      | Found Heokk's Antique Armour Shop.
  4953 | D:2      | Bought a faintly glowing leather armour for 161 gold pieces
  4953 | D:2      | Identified the +2 leather armour "Caterane" {rC+ Will-
                  | Int+8} (You bought it in a shop on level 2 of the Dungeon)
  4955 | D:2      | Bought a pair of boots for 103 gold pieces
  5254 | D:2      | Found a runed translucent door.
  5257 | D:2      | Noticed Crazy Yiuf
  5264 | D:2      | Killed Crazy Yiuf
  5399 | D:5      | Entered Level 5 of the Dungeon
  5657 | D:5      | Found a basalt altar of Yredelemnul.
  5677 | D:5      | Noticed Ijyb
  5687 | D:5      | Noticed Ijyb
  5687 | D:5      | Ijyb changed into Ijyb the bat
  5702 | D:5      | Killed Ijyb the bat
  5875 | D:5      | Found a snail-covered altar of Cheibriados.
  5908 | D:5      | Noticed Grinder
  5925 | D:5      | Paralysed by Grinder for 4 turns
  5930 | D:5      | Reached *** piety under Uskayaw
  5931 | D:5      | Killed Grinder
  5932 | D:5      | Reached skill level 7 in Short Blades
  5932 | D:5      | Reached skill level 1 in Invocations
  5932 | D:5      | Reached XP level 7. HP: 33/44 MP: 8/8
  6546 | D:5      | Reached skill level 8 in Short Blades
  6546 | D:5      | Reached XP level 8. HP: 30/48 MP: 9/9
  6678 | D:5      | Reached **** piety under Uskayaw
  7499 | D:6      | Reached skill level 9 in Short Blades
  7882 | D:6      | Reached skill level 5 in Fighting
  7995 | D:6      | Gained mutation: You are covered in fur. (AC +1) [potion of
                  | mutation]
  8227 | D:6      | Reached XP level 9. HP: 43/54 MP: 11/11
  8857 | D:7      | Reached skill level 10 in Short Blades
  8986 | D:7      | Reached skill level 11 in Short Blades
  8998 | D:7      | Reached ***** piety under Uskayaw
  9001 | D:7      | Reached skill level 5 in Dodging
  9006 | D:7      | Reached skill level 12 in Short Blades
  9006 | D:7      | Reached XP level 10. HP: 36/61 MP: 13/13
  9015 | D:7      | Reached skill level 5 in Invocations
  9023 | D:7      | Reached ****** piety under Uskayaw
  9374 | D:7      | Found an ancient bone altar of Kikubaaqudgha.
  9859 | D:7      | Reached skill level 13 in Short Blades
 10474 | D:7      | Identified the +2 scale mail "Ijoonk" {rC+}
 11133 | D:8      | Found a white marble altar of Elyvilon.
 11290 | D:8      | Noticed Joseph
 11295 | D:8      | Killed Joseph
 11325 | D:8      | Noticed a two-headed ogre
 11359 | D:8      | Noticed a red ugly thing
 11409 | D:8      | Slain by a red ugly thing

Illustrated notes

Levels and vault maps discovered:
D:1:      dpeg_arrival_short_road, layout_rooms,
          nicolae_ecumenical_snake_handling, serial_shops, nicolae_shop_crystal,
          minmay_misc_feat_hallway
D:2:      layout_basic, serial_shops, nicolae_shop_crystal,
          nicolae_shop_advertising_works [nicolae_subvault_shop_adworks],
          nicolae_shop_bloodbath_and_beyond, nicolae_shop_trees, basic_altar,
          minmay_tree_intersection, uniq_crazy_yiuf_cottage, uniq_jessica,
          uniq_terence
D:3:      layout_loops_cross, amcnicky_altar_gilded, minmay_cut_off
D:4:      layout_basic, minmay_temple_entry_butterflies,
          gammafunk_ghost_cemetery, chequers_serial_rivers_micro_a
D:5:      layout_basic, mainiacjoe_overflow_alcove_2, kennysheep_mini_moat,
          solitary_fountain, uniq_ijyb, uniq_grinder
D:6:      layout_basic, minmay_misc_feat_enclosed, minmay_diced_spiral
D:7:      erik_cavepeople, layout_basic, kiku_gazebo_garden_becter
D:8:      layout_loops_ring, elyvilon_altar_4, mainiacjoe_overflow_brackets,
          serial_shops, nicolae_shop_hallway_plus, uniq_joseph
Temple:   nicolae_temple_x_marks_the_god

Skill      XL: |  1  2  3  4  5  6  7  8  9 10 |
---------------+-------------------------------+-----
Short Blades   | 3 5 7 8 9 12 13 | 13.4
Dodging        | 1 2 3 5 6 |  6.1
Stealth        | 1 2 3 4 |  4.0
Fighting       | 4 5 6 7 |  7.2
Armour         | 3 4 |  4.7
Invocations    | 1 2 3 4 5 |  5.9
Shields        | 3 |  3.6

Action                   |  1- 3 |  4- 6 |  7- 9 | 10-12 || total
-------------------------+-------+-------+-------+-------++-------
Melee: Rapier            |    98 |   198 |   324 |   243 ||   863
       Unarmed           |       |     2 |       |       ||     2
Invok: Stomp             |       |       |     2 |       ||     2
       Line Pass         |       |       |     2 |     1 ||     3
       Grand Finale      |       |       |       |     1 ||     1
Evoke: Wand              |       |     1 |       |     2 ||     3
  Use: Potion            |     1 |     1 |     8 |     3 ||    13
       Scroll            |     1 |       |     1 |    13 ||    15
 Stab: Sleeping          |     1 |     5 |     2 |     3 ||    11
       Distracted        |       |     1 |       |       ||     1
       Paralysed         |       |     1 |    11 |     7 ||    19
       Confused          |       |     1 |       |       ||     1
Armor: Scale mail        |    33 |    67 |   158 |    62 ||   320
       Skin              |     2 |       |       |     2 ||     4
Dodge: Dodged            |    50 |    68 |   130 |    86 ||   334
Block: Buckler           |    33 |    38 |    67 |    44 ||   182

Table legend: (Time is in decaauts)
 A = Elapsed time spent in this place.
 B = Non-inter-level travel time spent in this place.
 C = Inter-level travel time spent in this place.
 D = Time resting spent in this place.
 E = Time spent auto-exploring this place.
 F = Levels seen in this place.
 G = Mean time per level.
                   A        B        C        D        E       F      G
               +--------+--------+--------+--------+--------+-----+--------+
         Total |  11265 |  10897 |    368 |   1227 |   8118 |   9 | 1251.7 |
       Dungeon |  11238 |  10870 |    368 |   1227 |   8103 |   8 | 1404.8 |
        Temple |     27 |     27 |      0 |      0 |     15 |   1 |   27.0 |
               +--------+--------+--------+--------+--------+-----+--------+

Top non-repeatable levels by time:
     D:5: 1982 daAuts
     D:7: 1978 daAuts
     D:2: 1755 daAuts
     D:4: 1365 daAuts
     D:6: 1280 daAuts
     D:1: 1143 daAuts
     D:3: 1117 daAuts
     D:8: 615 daAuts
  Temple: 27 daAuts
